 Dungeon Crawl Stone Soup version 0.28-a0-1334-g1c9ffb4daf (webtiles) character file.

Game seed: 12967096890669884190

95 Cheeritup the Chopper (level 4, 0/41 HPs)
             Began as a Hill Orc Monk on Dec 27, 2021.
             Succumbed to Terence's poison
             ... on level 3 of the Dungeon on Dec 28, 2021.
             The game lasted 00:05:15 (2133 turns).

Cheeritup the Chopper (Hill Orc Monk)               Turns: 2133, Time: 00:05:15

Health: 0/41       AC:  8    Str: 13    XL:     4   Next: 66%
Magic:  4/4        EV:  5    Int: 10    God:
Gold:   111        SH:  3    Dex: 15    Spells: 3/3 levels left

rFire   . . .      SeeInvis .   h - +2 rapier (venom)
rCold   . . .      Faith    .   g - +0 buckler
rNeg    . . .      Spirit   .   f - +0 chain mail
rPois   .          Reflect  .   (no helmet)
rElec   .          Harm     .   (no cloak)
rCorr   .          Rampage  .   (no gloves)
Will    .....                   (no boots)
Stlth   ..........              (no amulet)
HPRegen 0.13/turn               (no ring)
MPRegen 0.09/turn               (no ring)

@: lethally poisoned (0 -> -7), attractive
A: no striking features
a: no special abilities


You were on level 3 of the Dungeon.
You visited 1 branch of the dungeon, and saw 4 of its levels.

You collected 111 gold pieces.

Inventory:

Hand Weapons
 a - a +0 hand axe
 e - a +2 dagger of venom
 h - a +2 rapier of venom (weapon)
Armour
 f - a +0 chain mail (worn)
 g - a +0 buckler (worn)
Scrolls
 c - 4 scrolls of identify {unknown}
 d - a scroll of vulnerability {unknown}
 i - a scroll of amnesia {unknown}
 k - a scroll of brand weapon {unknown}
Potions
 j - a potion of curing {unknown}


   Skills:
 * Level 4.8 Fighting
 * Level 5.4 Axes
 + Level 1.7 Armour
 - Level 2.4 Dodging
 - Level 1.5 Stealth


You had 3 spell levels left.
You didn't know any spells.
Your spell library contained the following spells:

 Spells                   Type           Power      Damage    Failure   Level
 Corpse Rot               Necr/Air       0%         N/A       100%        2
 Poisonous Vapours        Pois/Air       0%         N/A       100%        2
 Ignite Poison            Fire/Tmut/Pois 0%         N/A       100%        3
 Mephitic Cloud           Conj/Pois/Air  0%         N/A       100%        3
 Stone Arrow              Conj/Erth      0%         3d7       100%        3
 Animate Armour           Summ/Erth      0%         N/A       100%        4
 Freezing Cloud           Conj/Ice/Air   0%         6-21      100%        5
 Lehudib's Crystal Spear  Conj/Erth      0%         10d2      100%        8


Dungeon Overview and Level Annotations

Branches:
Dungeon (4/15)
 Temple: D:4-7

Altars:


Message History

Terence shouts!
Terence zaps a wand.
The puff of flame hits you.
Your chain mail prevents you from hitting Terence.
Terence hits you with a +1 hand axe of venom.
Terence hits you but does no damage.
You are poisoned.
You hit Terence.
Terence is moderately wounded.
You feel sick. Terence hits you but does no damage.
You barely miss Terence.
Terence is moderately wounded.
You feel sick. Terence hits you but does no damage.
You are more poisoned.
You hit Terence but do no damage.
Terence is poisoned.
Terence is lightly wounded.
You feel very sick.
Terence zaps a wand.
The puff of flame hits you.
The now-empty wand crumbles to dust.
You hit Terence.
Terence looks as sick as possible!
Terence is heavily wounded.
You feel sick.
Terence hits you with a +1 hand axe of venom.
You are more poisoned.
Terence hits you but does no damage.
You are lethally poisoned!
You hit Terence.
You kill Terence!
* * * LOW HITPOINT WARNING * * *
You feel very sick.
* * * LOW HITPOINT WARNING * * *
You feel very sick.
Things that are here:
a +1 hand axe of venom; a +0 scale mail
* * * LOW HITPOINT WARNING * * *
You feel very sick.
* * * LOW HITPOINT WARNING * * *
You feel sick.
It was a potion of attraction.
You feel attractive to monsters.
You die...

# #. #.###
...# #.###
### #...#####
..# #..).@..#
..# #.#.###.#
..# #.#..# #
..# #.#....
..#####
#.#..###
......#
#.#..#
......#
#.###########
......#
#...........#
##....####
#########)###


There were no monsters in sight!

Vanquished Creatures
  Terence (D:3)
  2 adders (D:3)
  A worm (D:2)
  2 dart slugs
  4 endoplasms
  A giant cockroach (D:3)
  3 hobgoblins (D:1)
  4 ball pythons (D:1)
  A ball python skeleton (D:2)
  6 bats (D:1)
  3 frilled lizards
  8 goblins
  6 kobolds (D:1)
  5 rats
47 creatures vanquished.

Vanquished Creatures (others)
  A withered plant (D:2)
1 creature vanquished.

Grand Total: 48 creatures vanquished

Notes
Turn   | Place    | Note
-------+----------+-------------------------------------------
     0 | D:1      | Cheeritup the Hill Orc Monk began the quest for the Orb.
     0 | D:1      | Reached XP level 1. HP: 19/19 MP: 1/1
   393 | D:1      | Reached XP level 2. HP: 27/27 MP: 2/2
   579 | D:1      | Reached skill level 1 in Armour
   742 | D:1      | Reached XP level 3. HP: 30/33 MP: 3/3
  1338 | D:1      | Found a faded altar of an unknown god.
  1604 | D:2      | Reached skill level 5 in Axes
  1891 | D:2      | You fall into a shaft and drop 2 floors!
  1904 | D:3      | Reached XP level 4. HP: 33/41 MP: 4/4
  2122 | D:3      | Noticed Terence
  2129 | D:3      | Killed Terence
  2132 | D:3      | HP: 2/41 [poisoned by Terence]
  2133 | D:3      | Succumbed to Terence's poison

Illustrated notes

Levels and vault maps discovered:
D:1:      dpeg_arrival_chambers_temple_mockup, layout_rooms,
          hellmonk_ecumenical_altar_heavens_door, minmay_tetromino_t4
D:2:      layout_loops_cross, serial_undead, serial_undead_c, serial_undead_b,
          serial_undead_c, serial_undead_c, eino_curves_03
D:3:      layout_basic, riverfiend_overflow_shadow_ancestor, lemuel_round_altar,
          gup_sewer_entry_spiral, uniq_grinder, uniq_terence, uniq_jessica,
          uniq_sigmund
D:4:      layout_basic, serial_shops, nicolae_shop_waterfront,
          minmay_tree_intersection

Skill      XL: |  1  2  3 |
---------------+----------+-----
Fighting       | 4 |  4.8
Armour         | 1 |  1.7
Axes           | 5 |  5.4
Dodging        | |  2.4
Stealth        | |  1.5

Action                   |  1- 3 |  4- 6 || total
-------------------------+-------+-------++-------
Melee: Hand axe          |    71 |       ||    71
       Dagger            |    47 |       ||    47
       Rapier            |    11 |    15 ||    26
  Use: Potion            |       |     1 ||     1
 Stab: Sleeping          |     1 |       ||     1
Armor: Robe              |    24 |       ||    24
       Chain mail        |    17 |     9 ||    26
Dodge: Dodged            |    75 |     5 ||    80
Block: Buckler           |       |     6 ||     6

Table legend: (Time is in decaauts)
 A = Elapsed time spent in this place.
 B = Non-inter-level travel time spent in this place.
 C = Inter-level travel time spent in this place.
 D = Time resting spent in this place.
 E = Time spent auto-exploring this place.
 F = Levels seen in this place.
 G = Mean time per level.
                   A        B        C        D        E       F      G
               +--------+--------+--------+--------+--------+-----+--------+
         Total |   2145 |   2127 |     18 |     74 |   1600 |   4 |  536.2 |
       Dungeon |   2145 |   2127 |     18 |     74 |   1600 |   4 |  536.2 |
               +--------+--------+--------+--------+--------+-----+--------+

Top non-repeatable levels by time:
     D:1: 1420 daAuts
     D:2: 478 daAuts
     D:3: 243 daAuts
     D:4: 3 daAuts
